 Dungeon Crawl Stone Soup version 0.24.0-123-gd5b16e6ec5 (webtiles) character file.

Game seed: 3999487368147060744, levelgen mode: deterministic

57 Hasart the Digger (level 3, -1/19 HPs)
             Began as a Vampire Earth Elementalist on Jan 14, 2020.
             Slain by an orc
             ... wielding a +0 mace
              (2 damage)
             ... on level 2 of the Dungeon.
             The game lasted 00:05:30 (1582 turns).

Hasart the Digger (Vampire Earth Elementalist)      Turns: 1582, Time: 00:05:30

Health: -1/19      AC:  2    Str:  7    XL:     3   Next: 73%
Magic:  6/6        EV: 13    Int: 18    God:
Gold:   49         SH:  0    Dex: 14    Spells: 6/7 levels left

rFire    . . .     SeeInvis +   i - +2 short sword (drain)
rCold    + + .     Gourm    .   (no shield)
rNeg     + + +     Faith    .   c - +0 robe
rPois    ∞         Spirit   .   (no helmet)
rElec    .         Reflect  .   (no cloak)
rCorr    .         Harm     .   (no gloves)
MR       .....                  (no boots)
Stlth    ++++......             (no amulet)
HPRegen  0.00/turn              (no ring)
MPRegen  0.10/turn              (no ring)

@: bloodless
A: no food, fangs 3, see invisible, unbreathing
a: Bat Form, Revivify


You were on level 2 of the Dungeon.
You were bloodless.

You visited 1 branch of the dungeon, and saw 3 of its levels.

You collected 49 gold pieces.

Inventory:

Hand Weapons
 i - a +2 short sword of draining (weapon)
Missiles
 b - 74 stones (quivered)
Armour
 c - a +0 robe (worn)
Scrolls
 e - 3 scrolls of identify {unknown}
 f - a scroll of teleportation {unknown}
 g - a scroll of immolation {unknown}
 h - a scroll of enchant weapon {unknown}
 k - a scroll of magic mapping {unknown}
 m - a scroll of amnesia {unknown}
Potions
 a - a potion of brilliance {unknown}
 d - a potion of heal wounds {unknown}
 j - a potion of agility {unknown}
 l - a potion of invisibility {unknown}
 n - a potion of curing {unknown}


   Skills:
 + Level 2.9 Dodging
 - Level 3.0 Stealth
 + Level 2.5 Spellcasting
   Level 1.1 Transmutations
 * Level 4.0 Earth Magic


You had 6 spell levels left.
You knew the following spells:

 Your Spells              Type           Power        Failure   Level  Hunger
a - Sandblast             Erth           ###...       3%          1    N/A

Your spell library contained the following spells:

 Spells                   Type           Power        Failure   Level  Hunger
 Passwall                 Tmut/Erth      ##......     9%          2    N/A
 Stone Arrow              Conj/Erth      #.....       22%         3    N/A
 Petrify                  Tmut/Erth      ##......     52%         4    N/A
 Lee's Rapid Deconstruct  Erth           ###.......   67%         5    N/A

Dungeon Overview and Level Annotations

Branches:
Dungeon (3/15)

Altars:
Fedhas
Okawaru


Innate Abilities, Weirdness & Mutations

You do not eat.
You do not regenerate when monsters are visible.
You are frail without blood (-20% HP).
You can heal yourself when you bite living creatures.
You are immune to poison.
You have razor-sharp teeth.
You have supernaturally acute eyesight. (SInv)
You can survive without breathing.


Message History

The orc hits you with a +0 mace.
There is a stone staircase leading up here.
Unknown command.
The adder barely misses you. The adder bites you.
You climb upwards.
There is a stone staircase leading down here.
Unknown command.
Unknown command.
Unknown command.
You hit the adder. You drain the adder.
The adder is severely wounded.
The orc hits you with a +0 mace!
* * * LOW HITPOINT WARNING * * *
The adder misses you. The adder bites you but does no damage.
You hit the adder. You drain the adder.
You kill the adder!
Your Earth Magic skill increases to level 4!
The orc hits you with a +0 mace.
You die...

..#.########..........#
#......
..#...................#
#......
############..........#
#...... #..........#
##..... ##........##
##...# #..........#
##### #.)....>...#
#....†.....#
#....@o....#
#..........#
##........## ##......##
########


You could see an orc.

Vanquished Creatures
  2 adders (D:2)
  A dart slug (D:1)
  2 leopard geckos
  An orc (D:2)
  3 giant cockroaches (D:2)
  5 goblins
  4 hobgoblins
  2 jackals
  A quokka (D:2)
  A ball python (D:2)
  4 bats
  A frilled lizard (D:2)
  2 kobolds
  5 rats
34 creatures vanquished.

Notes
Turn   | Place    | Note
-------+----------+-------------------------------------------
     0 | D:1      | Hasart the Vampire Earth Elementalist began the quest for
                  | the Orb.
     0 | D:1      | Reached XP level 1. HP: 13/13 MP: 3/3
   133 | D:1      | Reached XP level 2. HP: 11/19 MP: 5/5
   890 | D:2      | Reached XP level 3. HP: 21/24 MP: 3/6
   993 | D:2      | Found a blossoming altar of Fedhas.
  1569 | D:3      | Found an iron altar of Okawaru.
  1582 | D:2      | Reached skill level 4 in Earth Magic
  1582 | D:2      | Slain by an orc

Levels and vault maps discovered:
D:1:      lightli_iron_boxes, layout_basic
D:2:      layout_rooms, fedhas_altar_3
D:3:      layout_rooms, lemuel_round_altar, lemuel_crystal_altar, first_ration,
          grunt_ministairs_13, wander_ebering_terrifying_dragon_lair

Skill      XL: |  1  2  3 |
---------------+----------+-----
Earth Magic    | 4 |  4.0
Dodging        | |  2.9
Stealth        | |  3.0
Spellcasting   | |  2.5
Transmutations | |  1.1

Action                   || total
-------------------------++-------
Melee: Dagger            ||    28
       Unarmed           ||     4
       Bite              ||     6
       Short sword       ||    43
 Cast: Sandblast         ||     4
 Abil: Exsanguinate      ||     1
 Stab: Sleeping          ||     7
Armor: Robe              ||    19
Dodge: Dodged            ||    74
